Map: Whirlwind LE (Void)

Players

Fropez

  • Race: Protoss Protoss
  • League: Gold
  • Spawn Location: 1:00

Sage - Winner!

  • Race: Protoss Protoss
  • League: Diamond
  • Spawn Location: 7:00

VOD

Have the link to the VOD?

Description

Time

  • Played on: Dec. 21, 2016, 7:54 p.m.
  • Length: 5:18
Show
View Real Time Build Order
Export as new Build Order

Fropez Protoss 

Build Orders: 1 Gate Expand 

Get SALT Encoding   

  12  0:01  Probe (Chrono Boost)  
  13  0:11  Probe (Chrono Boost)  
  14  0:21  Pylon  
  14  0:23  Probe (Chrono Boost)  
  15  0:39  Gateway  
  15  0:40  Probe (Chrono Boost)  
  16  0:51  Probe (Chrono Boost)  
  17  0:58  Assimilator  
  17  1:01  Probe (Chrono Boost)  
  18  1:17  Nexus  
  18  1:29  Probe (Chrono Boost), Cybernetics Core  
  19  1:40  Probe (Chrono Boost)  
  20  1:48  Gateway  
  20  1:50  Probe (Chrono Boost)  
  20  1:51  Warp Gate  
  21  1:56  Pylon  
  22  2:01  Probe (Chrono Boost)  
  22  2:13  Probe (Chrono Boost)  
  22  2:14  Adept  
  25  2:19  Assimilator  
  25  2:31  Probe (Chrono Boost)  
  25  2:33  Probe (Chrono Boost)  
  25  2:35  Adept  
  29  2:45  Probe (Chrono Boost)  
  29  2:47  Adept  
  31  2:52  Pylon  
  31  2:53  Probe (Chrono Boost)  
  32  3:04  Mothership Core (Chrono Boost)  
  32  3:05  Probe (Chrono Boost)  
  35  3:09  Pylon  
  35  3:24  Pylon  
  35  3:25  Probe (Chrono Boost)  
  36  3:30  Probe (Chrono Boost)  
  37  3:37  Gateway  
  37  3:38  Probe (Chrono Boost)  
  37  3:40  Probe (Chrono Boost), Gateway  
  39  4:09  Probe (Chrono Boost)  
  41  4:10  Probe (Chrono Boost)  
  41  4:11  Stalker x2  
  41  4:12  Twilight Council  
  41  4:17  Assimilator  
  45  4:22  Probe (Chrono Boost)  
  46  4:35  Stalker  
  46  4:36  Stalker x3  
  54  4:41  Probe (Chrono Boost)  
  54  4:42  Probe (Chrono Boost)  
  56  4:51  Probe (Chrono Boost)  
  58  4:54  Probe (Chrono Boost)  
  58  5:00  Adept x2  
  58  5:01  Adept x2  
  66  5:07  Pylon  
  66  5:10  Pylon  
Show
View Real Time Build Order
Export as new Build Order

Sage Protoss - Winner!

Build Orders:  

Get SALT Encoding   

  12  0:01  Probe (Chrono Boost)  
  13  0:16  Pylon  
  13  0:19  Probe (Chrono Boost)  
  14  0:29  Probe (Chrono Boost)  
  15  0:36  Gateway  
  15  0:40  Probe (Chrono Boost)  
  16  0:47  Assimilator  
  16  0:50  Probe (Chrono Boost)  
  17  1:02  Gateway  
  18  1:04  Probe (Chrono Boost)  
  18  1:14  Probe (Chrono Boost)  
  19  1:28  Cybernetics Core  
  19  1:31  Probe (Chrono Boost)  
  20  1:33  Pylon  
  20  1:38  Assimilator  
  20  1:50  Probe (Chrono Boost)  
  21  2:05  Stalker x2  
  25  2:09  Warp Gate  
  25  2:10  Probe (Chrono Boost)  
  26  2:27  Probe (Chrono Boost)  
  27  2:31  Pylon  
  27  2:37  Gateway  
  27  2:42  Stalker  
  29  2:50  Stalker  
  31  3:02  Gateway  
  31  3:12  Stalker  
  33  3:20  Stalker  
  33  3:25  Stalker  
  36  3:35  Pylon  
  36  3:42  Stalker  
  38  4:22  Pylon  
  38  4:27  Pylon  
  38  4:29  Stalker x3  
  38  4:30  Stalker  
  46  4:53  Stalker  
  46  4:54  Stalker x2  
  46  4:57  Stalker  
Tags
 
Matchup
PvP
Replay Pack
All Mines
Spawn Locations
Cross Positions
Add a new tag
Caveats
  • Supply blocks, unpowered buildings, or Contaminate may cause inaccurate times.
  • Supply counts are checked every 10 seconds.